 Dungeon Crawl Stone Soup version bcrawl-1.21.2-1-g32d02e0829 (webtiles) character file.

Game seed: 4188210925257098963

9878 MisterOstroum the Frost Mage (level 11, -1/80 HPs)
             Began as a Barachi Wanderer on Feb 16, 2020.
             Was a Priest of Nemelex Xobeh.
             Slain by a blink frog (13 damage)
             ... on level 2 of the Lair of Beasts on Feb 17, 2020.
             The game lasted 01:13:53 (16991 turns).

MisterOstroum the Frost Mage (Barachi Wanderer)    Turns: 16991, Time: 01:13:54

Health: -1/80      AC: 11    Str: 11    XL:     11   Next: 53%
Magic:  4/24       EV: 15    Int: 16    God:    Nemelex Xobeh [***...]
Gold:   178        SH:  5    Dex: 18    Spells: 12/28 levels left

rFire    + . .     SeeInvis .   a - +1 whip of the Feather {freeze, Dex+4}
rCold    + . .     Gourm    .   C - +0 buckler
rNeg     . . .     Faith    .   V - +2 robe {rC+}
rPois    .         Spirit   .   s - +2 helmet
rElec    .         Reflect  .   T - +0 cloak
rCorr    .         Harm     .   (no gloves)
MR       .....                  E - +0 pair of boots
Stlth    ++........             (no amulet)
HPRegen  0.23/turn              F - +2 ring of protection
MPRegen  0.19/turn              t - ring of protection from fire

@: slow
A: +LOS, swims, slowness 1, strong legs 1
a: Hop, Draw Escape, Draw Destruction, Draw Summoning, Triple Draw, Renounce
Religion


You were on level 2 of the Lair of Beasts.
You worshipped Nemelex Xobeh.
Nemelex Xobeh was most pleased with you.
You were very hungry.

You visited 3 branches of the dungeon, and saw 12 of its levels.

You collected 670 gold pieces.
You spent 492 gold pieces at shops.

Inventory:

Hand Weapons
 a - the +1 whip of the Feather (weapon) {freeze, Dex+4}
   (You found it on level 4 of the Dungeon)

   It has been specially enchanted to freeze those struck by it, causing extra
   injury to most foes and up to half again as much damage against particularly
   susceptible opponents.
   It can also slow down cold-blooded creatures.
   It affects your dexterity (+4).
 b - a +0 blowgun
 L - a +0 war axe
 M - a +2 whip of pain
 U - a +4 quarterstaff of chaos
Missiles
 i - 72 poisoned needles
 m - 201 tomahawks
 v - 783 sling bullets
 G - 2108 stones (quivered)
 R - 75 javelins
 X - 4 throwing nets {!f!f}
Armour
 s - a +2 helmet (worn)
 C - a +0 buckler (worn)
 E - a +0 pair of boots (worn)
 T - a +0 cloak (worn)
 V - a +2 robe of cold resistance (worn)
Magical Staves
 u - an uncursed staff of earth
Jewellery
 t - a ring of protection from fire (right hand)
 F - a +2 ring of protection (left hand)
 K - an uncursed ring of see invisible
Wands
 d - a wand of paralysis (4)
 k - a wand of acid (9)
 A - a wand of digging (10)
 D - a wand of scattershot (5)
 W - a wand of polymorph (13)
 Z - a wand of flame (10)
Scrolls
 f - 2 scrolls of immolation {unknown}
 g - a scroll of brand weapon {unknown}
 h - 3 scrolls of fog
 j - 4 scrolls of remove curse {@r2}
 l - 2 scrolls of enchant armour {unknown}
 q - a scroll of magic mapping {@r5 !r}
 r - 9 scrolls of teleportation {@r3 !r}
 w - a scroll of enchant weapon {unknown}
 B - 2 scrolls of silence {unknown}
 P - a scroll of fear {!r}
 Q - a scroll of identify {@r1}
Potions
 c - 4 potions of curing {@q1 !q}
 n - a potion of mutation
 x - 3 potions of haste {@q4 !q}
 z - 2 potions of heal wounds {@q2 !q}
 I - a potion of ambrosia
 J - 2 potions of brilliance
 O - 2 potions of flight
Comestibles
 e - 13 rations {!d}


   Skills:
 - Level 5.6 Fighting
 - Level 2.1 Maces & Flails
 - Level 2.9 Armour
 - Level 4.3 Dodging
 - Level 3.0 Stealth
 - Level 4.0 Shields
 * Level 9.0 Spellcasting
 + Level 6.8 Conjurations
 - Level 3.2 Hexes
 - Level 6.0 Summonings
 + Level 9.5 Ice Magic
 - Level 5.0 Invocations
 - Level 3.0 Evocations


You had 12 spell levels left.
You knew the following spells:

 Your Spells              Type           Power        Failure   Level  Hunger
a - Freeze                Ice            #####.       1%          1    None
b - Throw Frost           Conj/Ice       ####..       1%          2    None
c - Summon Ice Beast      Ice/Summ       ####....     4%          4    ###....
d - Ozocubu's Armour      Chrm/Ice       ###.....     4%          3    #......
e - Throw Icicle          Conj/Ice       ####....     3%          4    ###....
f - Slow                  Hex            ###.....     2%          1    None
g - Summon Butterflies    Summ           ####....     1%          1    None

Your spell library contained the following spells:

 Spells                   Type           Power        Failure   Level  Hunger
 Apportation              Tloc           #.....       10%         1    None
 Infusion                 Chrm           #.......     10%         1    None
 Sandblast                Erth           #.....       10%         1    None


Dungeon Overview and Level Annotations

Branches:
Dungeon (9/12)             Temple (1/1) D:5            Lair (2/6) D:9
    Orc (0/1) D:8
  Swamp: Lair:2-4    Shoals: Lair:2-4     Snake: Lair:2-4    Spider: Lair:2-4

Altars:
Dithmenos
Fedhas
Gozag
Hepliaklqana
Kikubaaqudgha
Makhleb
Nemelex Xobeh
Okawaru
Qazlal
Ru
Sif Muna
Trog
Uskayaw
Vehumet
Xom
Yredelemnul
Zin
The Shining One

Shops:
D:4 *   D:5 [   D:7 ?!   D:9 =


Innate Abilities, Weirdness & Mutations

You can see and be seen from farther away.
You can swim through water.
You cover ground slowly.
You can hop short distances.


Message History

The puff of frost hits the blink frog.
The blink frog is lightly wounded.
The blink frog croaks.
Casting: Throw Frost (safe; 1% risk of failure)
Confirm with . or Enter, or press ? or * to list all spells.
Aiming: Throw Frost (safe; 1% risk of failure)
Press: ? - help, Shift-Dir - straight line, f/p - blink frog
Aim: a blink frog (lightly wounded)
The puff of frost misses the blink frog.
A blink frog comes into view.
Casting: Throw Frost (safe; 1% risk of failure)
Confirm with . or Enter, or press ? or * to list all spells.
Aiming: Throw Frost (safe; 1% risk of failure)
Press: ? - help, Shift-Dir - straight line, f/p - blink frog
Aim: a blink frog (lightly wounded)
The puff of frost hits the blink frog!
The blink frog is heavily wounded.
A blink frog comes into view.
Casting: Throw Frost (safe; 1% risk of failure)
Confirm with . or Enter, or press ? or * to list all spells.
Aiming: Throw Frost (safe; 1% risk of failure)
Press: ? - help, Shift-Dir - straight line, f/p - blink frog
Aim: a blink frog (heavily wounded)
The puff of frost hits the blink frog.
The blink frog is heavily wounded.
The blink frog gives a loud, deep croak!
The blink frog blinks!
Casting: Throw Frost (safe; 1% risk of failure)
Confirm with . or Enter, or press ? or * to list all spells.
A chill wind blows around you.
Casting: Summon Ice Beast (safe; 4% risk of failure)
Confirm with . or Enter, or press ? or * to list all spells.
You don't know that spell.
Unknown command.
Casting: Summon Ice Beast (safe; 4% risk of failure)
Confirm with . or Enter, or press ? or * to list all spells.
A chill wind blows around you.
You are feeling very hungry.
The blink frog hits you!
* * * LOW HITPOINT WARNING * * *
The blink frog blinks!
The blink frog hits you but does no damage.
Casting: Summon Ice Beast (safe; 4% risk of failure)
Confirm with . or Enter, or press ? or * to list all spells.
Aiming: Freeze (safe; 1% risk of failure)
Press: ? - help, Shift-Dir - straight line, f - blink frog, p - blink frog
Aim: a blink frog You freeze the blink frog.
The blink frog is lightly wounded.
The blink frog seems to slow down.
The blink frog closely misses you.
Casting: Freeze (safe; 1% risk of failure)
Confirm with . or Enter, or press ? or * to list all spells.
Aiming: Freeze (safe; 1% risk of failure)
Press: ? - help, Shift-Dir - straight line, f/p - blink frog
Aim: a blink frog (lightly wounded, slow)
You freeze the blink frog.
The blink frog is moderately wounded.
You draw a card...
You have drawn the Tomb.
Walls emerge from the floor!
Something hits your ice beast! The blink frog barely misses you.
Casting: Freeze (safe; 1% risk of failure)
Confirm with . or Enter, or press ? or * to list all spells.
Aiming: Freeze (safe; 1% risk of failure)
Press: ? - help, Shift-Dir - straight line, f/p - blink frog
Aim: a blink frog (moderately wounded, slow)
You freeze the blink frog!
The blink frog is severely wounded.
The blink frog completely misses you.
Your ice beast misses the blink frog.
Your ice beast completely misses the blink frog.
Casting: Freeze (safe; 1% risk of failure)
Confirm with . or Enter, or press ? or * to list all spells.
Aiming: Freeze (safe; 1% risk of failure)
Press: ? - help, Shift-Dir - straight line, f/p - blink frog
Aim: a blink frog (severely wounded, slow)
You freeze the blink frog.
The blink frog is almost dead.
The blink frog hits you!
* * * LOW HITPOINT WARNING * * *
The blink frog hits you but does no damage.
Your ice beast hits the blink frog.
Your ice beast freezes the blink frog.
Your ice beast hits the blink frog.
Your ice beast freezes the blink frog.
Okay, then.
Casting: Freeze (safe; 1% risk of failure)
Confirm with . or Enter, or press ? or * to list all spells.
Aiming: Freeze (safe; 1% risk of failure)
Press: ? - help, Shift-Dir - straight line, f/p - blink frog
Aim: a blink frog (almost dead, slow)
You freeze the blink frog!
You kill the blink frog!
The blink frog hits your ice beast!
Your ice beast hits the blink frog.
The blink frog dies!
Your Spellcasting skill increases to level 9!
The walls disappear prematurely!
The blink frog hits you but does no damage.
Your ice beast closely misses the blink frog.
The blink frog misses you.
Your ice beast hits the blink frog.
Your ice beast freezes the blink frog!
You see here a blink frog corpse.
You butcher the blink frog corpse.
The blink frog hits you!
You die...
Your body glows slightly and disappears.

#.........
##.........
###.......... #
##P...........
..#.#P............
........†.........
.........YY.......
#...<.F†......
##...@........
##...........
##..........
#.(..#..... #..#.#
#... P....# ..
.P#..# . .###### #


You could see a blink frog and 2 friendly ice beasts.

Vanquished Creatures
  A black mamba (Lair:2)
  A cane toad (Lair:1)
  A gargoyle (D:9)
  A kobold demonologist (D:8)
  6 blink frogs
  2 hippogriffs (Lair:1)
  Prince Ribbit (D:7)
  9 yaks
  Grum (D:8)
  A hungry ghost (D:8)
  Menkaure (D:4)
  2 water moccasins
  A crocodile (Lair:1)
  3 porcupines
  An ice beast (D:9)
  A sky beast (D:7)
  An orc warrior (D:8)
  2 phantoms
  A black bear (D:7)
  2 ogres
  A wolf (D:8)
  Blork the orc (D:3)
  A big kobold (D:8)
  3 bullfrogs
  Dowan (D:6)
  5 scorpions
  2 killer bees (D:8)
  A howler monkey (D:9)
  5 crimson imps
  3 orc priests
  4 hounds
  Crazy Yiuf (D:3)
  A gnoll shaman (D:8)
  4 jellies
  Jessica (D:2)
  2 iguanas
  6 orc wizards
  4 worker ants
  2 ogre zombies (D:8)
  Robin (D:3)
  2 worker ant zombies
  6 gnolls
  8 adders
  6 shadow imps
  7 oozes
  3 dart slugs
  4 leopard geckos
  17 orcs
  A giant cockroach (D:1)
  11 goblins
  6 hobgoblins
  13 jackals
  10 kobolds
  5 quokkas
  A ball python (D:3)
  4 bats
  A frilled lizard (D:3)
  A goblin zombie (D:8)
  A hobgoblin skeleton (D:8)
  2 hobgoblin zombies
  A jackal skeleton (D:4)
  5 orc skeletons (D:8)
  11 orc zombies (D:8)
  2 quokka skeletons (D:4)
  3 rats
219 creatures vanquished.

Vanquished Creatures (collateral kills)
  Harold (D:8)
  A hippogriff (D:3)
  3 blink frogs
  3 yaks
  3 hungry ghosts
  A two-headed ogre zombie (D:8)
  2 crocodiles (D:9)
  Duvessa (D:6)
  A water moccasin (D:4)
  A black bear (D:8)
  A wolf (D:8)
  2 killer bees (D:8)
  2 howler monkeys (D:9)
  A crimson imp (D:3)
  A bullfrog zombie (D:4)
  An orc priest (D:8)
  2 bullfrog skeletons (D:8)
  A worker ant (D:4)
  5 ogre zombies
  A worker ant zombie (D:8)
  2 gnolls (D:2)
  A worm (D:4)
  2 goblins (D:3)
  A hobgoblin (D:3)
  A kobold (D:8)
  A quokka (D:8)
  A goblin zombie (D:8)
  4 orc zombies (D:8)
47 creatures vanquished.

Grand Total: 266 creatures vanquished

Notes
Turn   | Place    | Note
-------+----------+-------------------------------------------
     0 | D:1      | MisterOstroum the Barachi Wanderer began the quest for the
                  | Orb.
     0 | D:1      | MisterOstroum set off with the following items: a +0
                  | dagger, a +2 scale mail, a ration {!d}; and the following
                  | spell memorised: Freeze; and the following spells available
                  | to memorise: Throw Frost, Ozocubu's Armour, Summon Ice
                  | Beast, Throw Icicle
     0 | D:1      | Reached XP level 1. HP: 15/15 MP: 2/2
   228 | D:1      | Reached XP level 2. HP: 12/23 MP: 3/3
   737 | D:2      | Found a sparkling altar of Nemelex Xobeh.
   749 | D:2      | Became a worshipper of Nemelex Xobeh the Trickster
   933 | D:2      | Received a gift from Nemelex Xobeh
  1006 | D:2      | Noticed Jessica
  1008 | D:2      | Killed Jessica
  1008 | D:2      | Reached XP level 3. HP: 30/30 MP: 4/4
  1017 | D:2      | Learned a level 2 spell: Throw Frost
  1490 | D:2      | Reached XP level 4. HP: 36/37 MP: 2/5
  1613 | D:2      | Found a glowing silver altar of Zin.
  1613 | D:2      | Noticed an angel
  2031 | D:2      | Found a bloodstained altar of Trog.
  2082 | D:3      | Found a shimmering altar of Xom.
  2111 | D:3      | Found a hazy altar of Hepliaklqana.
  2114 | D:3      | Found a shadowy altar of Dithmenos.
  2117 | D:3      | Found a basalt altar of Yredelemnul.
  2173 | D:3      | Noticed a hippogriff
  2275 | D:3      | Reached skill level 1 in Dodging
  2275 | D:3      | Reached skill level 1 in Ice Magic
  2293 | D:2      | Reached XP level 5. HP: 21/42 MP: 0/7
  2762 | D:3      | Noticed Robin
  2767 | D:3      | Noticed Blork the orc
  2769 | D:3      | Found a shimmering blue altar of Sif Muna.
  3012 | D:3      | Received a gift from Nemelex Xobeh
  3093 | D:3      | Noticed a rust devil
  3100 | D:3      | Killed a hippogriff
  3100 | D:3      | Reached skill level 1 in Invocations
  3100 | D:3      | Reached XP level 6. HP: 8/48 MP: 8/8
  3362 | D:3      | Reached * piety under Nemelex Xobeh
  3476 | D:3      | Found a runed door.
  3946 | D:3      | Killed Robin
  4266 | D:3      | Learned a level 4 spell: Summon Ice Beast
  4503 | D:4      | Found a sacrificial altar of Ru.
  4690 | D:4      | Received a gift from Nemelex Xobeh
  4842 | D:4      | Noticed Menkaure
  4898 | D:4      | Found Roon Lai's Serpentskin Sales.
  4898 | D:4      | Noticed a water moccasin
  5101 | D:4      | Reached skill level 1 in Summonings
  5372 | D:4      | Reached XP level 7. HP: 41/54 MP: 2/10
  5502 | D:4      | Found an iron altar of Okawaru.
  5542 | D:4      | Got a pitted whip
  5545 | D:4      | Identified the cursed +1 whip of the Feather {freeze,
                  | Dex+4} (You found it on level 4 of the Dungeon)
  5694 | D:4      | Found an ancient bone altar of Kikubaaqudgha.
  5923 | D:5      | Entered Level 5 of the Dungeon
  5923 | D:5      | Found a staircase to the Ecumenical Temple.
  5936 | Temple   | Entered the Ecumenical Temple
  6102 | D:5      | Reached skill level 1 in Maces & Flails
  6423 | D:5      | Found Kiysoeq's Antique Armour Boutique.
  6499 | D:5      | Bought a buckler for 99 gold pieces
  6499 | D:5      | Bought a robe for 15 gold pieces
  6500 | D:5      | Bought a pair of boots for 99 gold pieces
  6630 | D:5      | Reached ** piety under Nemelex Xobeh
  6744 | D:4      | Noticed Edmund
  6746 | D:4      | You fall into a shaft and drop 1 floor!
  6803 | D:5      | Found a glowing golden altar of the Shining One.
  7020 | D:5      | Found an opulent altar of Gozag.
  7380 | D:5      | Received a gift from Nemelex Xobeh
  7407 | D:5      | Reached XP level 8. HP: 60/60 MP: 2/11
  7603 | D:6      | Noticed a yak
  7741 | D:6      | Noticed Duvessa
  7741 | D:6      | Noticed Dowan
  7766 | D:6      | Killed Duvessa
  7777 | D:6      | Killed Dowan
  7908 | D:6      | Reached skill level 5 in Ice Magic
  8675 | D:7      | Found Rokkah's Distillery.
  8865 | D:7      | Reached skill level 1 in Evocations
  9474 | D:7      | Found Wympir's Magic Scroll Shoppe.
  9483 | D:7      | Bought a scroll of fog for 28 gold pieces
  9483 | D:7      | Bought a scroll of noise for 14 gold pieces
  9483 | D:7      | Bought a scroll of teleportation for 42 gold pieces
  9610 | D:7      | Found a blossoming altar of Fedhas.
  9611 | D:7      | Found a stormy altar of Qazlal.
  9646 | D:7      | Reached XP level 9. HP: 57/65 MP: 5/14
  9973 | D:7      | Bought a potion of haste for 150 gold pieces
  9973 | D:7      | Bought a potion of curing for 45 gold pieces
 10004 | D:7      | Noticed Prince Ribbit
 10094 | D:8      | Noticed Harold
 10474 | D:8      | Received a gift from Nemelex Xobeh
 10523 | D:8      | Found a shimmering altar of Xom.
 10604 | D:8      | Noticed a kobold demonologist
 10610 | D:8      | Killed a kobold demonologist
 10610 | D:8      | Reached skill level 5 in Summonings
 11167 | D:8      | Noticed Grum
 11177 | D:8      | Killed Grum
 11719 | D:8      | Killed Harold
 11719 | D:8      | Reached XP level 10. HP: 43/73 MP: 4/17
 11730 | D:8      | Upgraded the game from bcrawl-1.21 to
                  | bcrawl-1.21.2-1-g32d02e0829
 11986 | D:9      | Noticed a gargoyle
 12078 | D:9      | Found Eduih's Jewellery Boutique.
 12148 | D:9      | Reached skill level 5 in Spellcasting
 12313 | D:9      | Reached skill level 5 in Conjurations
 12410 | D:9      | Learned a level 3 spell: Ozocubu's Armour
 12415 | D:9      | Learned a level 4 spell: Throw Icicle
 12441 | D:9      | Found a staircase to the Lair.
 12471 | D:9      | Reached *** piety under Nemelex Xobeh
 12471 | D:9      | Received a gift from Nemelex Xobeh
 12472 | D:9      | Noticed an elephant
 13007 | D:3      | Noticed Crazy Yiuf
 13009 | D:3      | Killed Crazy Yiuf
 13154 | D:3      | Killed Blork the orc
 13228 | D:4      | Noticed Edmund
 13228 | D:4      | Edmund changed into Edmund the worker ant
 13229 | D:4      | Killed Edmund the worker ant
 13418 | D:4      | Killed Menkaure
 13714 | D:6      | Reached skill level 5 in Fighting
 13794 | D:7      | Killed Prince Ribbit
 14260 | D:8      | Found a staircase to the Orcish Mines.
 14310 | D:8      | Reached skill level 5 in Invocations
 15141 | D:9      | Received a gift from Nemelex Xobeh
 15449 | D:9      | Killed a gargoyle
 15701 | Lair:1   | Entered Level 1 of the Lair of Beasts
 15743 | D:9      | Reached XP level 11. HP: 68/80 MP: 9/21
 16232 | Lair:1   | Learned a level 1 spell: Slow
 16304 | Lair:1   | Learned a level 1 spell: Summon Butterflies
 16991 | Lair:2   | Slain by a blink frog

Skill      XL: |  1  2  3  4  5  6  7  8  9 10 11 |
---------------+----------------------------------+-----
Fighting       | 2 3 4 5 |  5.6
Dodging        | 1 2 4 |  4.3
Ice Magic      | 1 2 3 4 6 7 8 9 |  9.5
Conjurations   | 2 3 4 5 6 |  6.8
Invocations    | 1 3 5 |  5.0
Spellcasting   | 2 3 4 7 9 |  9.0
Stealth        | 2 3 |  3.0
Summonings     | 1 2 4 6 |  6.0
Maces & Flails | 2 |  2.1
Shields        | 3 4 |  4.0
Evocations     | 2 3 |  3.0
Armour         | |  2.9
Hexes          | |  3.2

Action                   |  1- 3 |  4- 6 |  7- 9 | 10-12 || total
-------------------------+-------+-------+-------+-------++-------
Melee: Dagger            |   105 |   150 |       |       ||   255
       Spear             |       |     3 |       |       ||     3
       Whip              |       |       |   280 |   114 ||   394
Throw: Stone             |     5 |    26 |    35 |    10 ||    76
       Tomahawk          |       |       |    17 |    24 ||    41
 Cast: Throw Frost       |     4 |    26 |    73 |    54 ||   157
       Freeze            |     1 |    76 |   117 |   102 ||   296
       Summon Ice Beast  |       |       |    19 |    20 ||    39
       Throw Icicle      |       |       |       |    26 ||    26
       Ozocubu's Armour  |       |       |       |     1 ||     1
Invok: Triple Draw       |       |       |       |     1 ||     1
 Abil: Draw Destruction  |     2 |    13 |     8 |    11 ||    34
       Hop               |       |     5 |     7 |     3 ||    15
       Draw Summoning    |       |     5 |     1 |     4 ||    10
       Draw Escape       |       |       |     3 |     2 ||     5
Evoke: Wand              |       |       |     1 |       ||     1
  Use: Potion            |       |     3 |       |     1 ||     4
       Scroll            |       |     4 |     6 |     2 ||    12
 Stab: Sleeping          |       |     2 |     7 |     2 ||    11
       Distracted        |       |       |     2 |       ||     2
       Confused          |       |       |     2 |       ||     2
  Eat: Chunk             |     2 |    11 |    15 |    14 ||    42
       Ration            |       |     2 |     6 |     3 ||    11
Armor: Scale mail        |    55 |       |       |       ||    55
       Robe              |     1 |    46 |   102 |    12 ||   161
       Leather armour    |       |       |     3 |    41 ||    44
Dodge: Dodged            |    42 |   162 |   166 |    84 ||   454
Block: Buckler           |       |       |    65 |    40 ||   105
